[Event "November 21 Late 2023"]
[Site "https://www.chess.com"]
[Date "2023.11.21"]
[Round "5"]
[White "Schnaider, Ilan"]
[Black "Przybylski, Wojciech"]
[Result "1/2-1/2"]
[Board "61"]
[TimeControl "180+1"]
[WhiteFideId "169013"]
[BlackFideId "1117599"]
[WhiteElo "2373"]
[BlackElo "2203"]
[WhiteTeam "ARG"]
[BlackTeam "POL"]
[WhiteClock "0:00:04"]
[BlackClock "0:00:03"]

1. e4 e5 2. Nf3 Nf6 3. d4 Nxe4 4. Bd3 d5 5. Nxe5 Nd7 6. Nc3 Nxc3 7. bxc3 Nxe5 8. dxe5 Be7 9. O-O O-O 10. f4 f5 11. Rb1 c5 12. c4 d4 13. Qf3 Qc7 14. Ba3 Kh8 15. Qd5 Rd8 16. Qf7 Rf8 17. Qh5 Be6 18. Rf3 g6 19. Qh6 Rf7 20. Rh3 Rg7 21. Be2 Rb8 22. Rhb3 b6 23. Qh3 Qc6 24. Bf3 Qd7 25. Be2 Rbg8 26. Bc1 g5 27. fxg5 f4 28. Qf3 Bxg5 29. Bf1 Bf5 30. Bd3 Be6 31. Bf1 Qf7 32. Ra3 Bc8 33. Qd5 Qg6 34. Qd6 Qh5 35. Bd2 f3 36. Bxg5 Rxg5 37. Qf6+ R5g7 38. Rxf3 Bb7 39. Rg3 d3 40. Bxd3 Qf7 41. Rf1 Qxf6 42. exf6 Rxg3 43. hxg3 Rf8 44. g4 h6 45. Kh2 Kg8 46. Bg6 Bc8 47. Kg3 Be6 48. Bd3 Kf7 49. Kh4 Rg8 50. Bf5 Bxc4 51. Re1 Kxf6 52. Rd1 h5 53. Rd6+ Ke5 54. Rh6 hxg4 55. Bxg4 Kf4 56. Bf3 Bf1 57. Rf6+ Ke5 58. Rf7 Bxg2 59. Bg4 Rh8+ 60. Kg3 Be4 61. Rxa7 Bxc2 62. Rb7 Rh6 63. a3 Be4 64. Rb8 Kd4 65. Kf2 c4 66. Be2 Rf6+ 67. Ke1 Bd5 68. Rd8 Kc5 69. Kd2 b5 70. Bd1 Rh6 71. Rc8+ Kd4 72. Be2 Rh2 73. Rf8 Be4 74. Rd8+ Kc5 75. Ke3 Bc6 76. Rc8 Rh3+ 77. Kd2 Rxa3 78. Bg4 Kb6 79. Rb8+ Kc7 80. Rc8+ Kd6 81. Rd8+ Kc5 82. Rc8 Rd3+ 83. Kc2 Kb6 84. Rb8+ Kc7 85. Rc8+ Kb7 86. Rf8 Rg3 87. Be6 Kb6 88. Rb8+ Kc5 89. Rc8 Kd6 90. Bf5 Re3 91. Rd8+ Kc5 92. Rc8 Re7 93. Bg4 Rf7 94. Bh3 Rg7 95. Bf5 Kb6 96. Rb8+ Kc7 97. Rc8+ Kb7 98. Kc3 Rg5 99. Be6 Re5 100. Bg4 Re4 101. Bf5 Re3+ 102. Kb4 Re7 103. Bg4 Kb6 104. Rb8+ Bb7 105. Rd8 Rg7 106. Bf5 Rc7 107. Rd6+ Rc6 108. Rd8 c3 109. Bc2 Rc4+ 110. Kb3 Bc6 111. Rd6 Kc5 112. Rh6 Bd5 113. Rh5 b4 114. Ka4 Rd4 115. Bb3 Rd2 116. Rg5 Rd3 117. Rh5 Rd2 118. Rg5 Kc6 119. Rg6+ Kc5 120. Rg5 1/2-1/2

[Event "November 21 Late 2023"]
[Site "https://www.chess.com"]
[Date "2023.11.21"]
[Round "5"]
[White "Musalov, Ruslan"]
[Black "Gubajdullin, Alexei"]
[Result "1/2-1/2"]
[Board "62"]
[TimeControl "180+1"]
[WhiteFideId "4141490"]
[BlackFideId "4141202"]
[WhiteElo "2268"]
[BlackElo "2280"]
[WhiteTeam "RUS"]
[BlackTeam "RUS"]
[WhiteClock "0:00:32"]
[BlackClock "0:00:43"]

1. e4 g6 2. Nf3 Bg7 3. d4 d6 4. Nc3 a6 5. a4 Nf6 6. h3 O-O 7. Be3 e6 8. Qd2 Re8 9. Be2 b6 10. O-O Bb7 11. e5 Nd5 12. Nxd5 Bxd5 13. c4 Bb7 14. Rfd1 Nc6 15. Bf4 dxe5 16. dxe5 Qxd2 17. Rxd2 Rad8 18. Rad1 Rxd2 19. Rxd2 Rd8 20. Rxd8+ Nxd8 21. Nd4 Nc6 22. Nxc6 Bxc6 23. b3 Be4 24. Bd1 Bf8 25. Be3 h6 26. f3 Bd3 27. Kf2 g5 28. Bd4 a5 29. Ke3 Bb1 30. Kd2 h5 31. g4 Bb4+ 32. Bc3 Bc5 33. Bc2 Bxc2 34. Kxc2 Kh7 35. Kd3 Kg6 36. Bd4 Bb4 37. Bc3 c5 38. Bxb4 axb4 39. Ke4 hxg4 40. hxg4 Kg7 41. Ke3 Kg6 42. Ke4 Kg7 43. Kd3 Kg6 44. Ke3 Kg7 45. Ke4 Kh7 46. Ke3 Kh8 47. Ke4 Kg8 48. Ke3 Kf8 49. Ke4 Ke7 50. f4 Kf8 51. fxg5 Kg7 52. Kf3 Kh7 53. Kg3 Kg7 54. Kh3 Kh7 55. Kg3 Kg7 56. Kf3 Kh8 57. g6 fxg6 58. Kf4 Kh7 59. Kg5 Kg7 60. Kh4 Kh6 61. g5+ Kg7 62. Kg4 Kf7 63. Kf4 Kg7 64. Ke4 Kf7 65. Kf4 Kg7 66. Ke4 Kf7 67. Kf4 1/2-1/2

[Event "November 21 Late 2023"]
[Site "https://www.chess.com"]
[Date "2023.11.21"]
[Round "5"]
[White "Joie, Sebastien"]
[Black "OPQRC"]
[Result "0-1"]
[Board "64"]
[TimeControl "180+1"]
[WhiteFideId "650420"]
[WhiteElo "2396"]
[BlackElo "2632"]
[WhiteTeam "FRA"]
[WhiteClock "0:00:03"]
[BlackClock "0:00:20"]

1. d4 Nf6 2. c4 e6 3. Nc3 d5 4. Nf3 c6 5. e3 Be7 6. Bd3 dxc4 7. Bxc4 b5 8. Bd3 Bb7 9. O-O O-O 10. e4 Nbd7 11. e5 Nd5 12. Nxd5 exd5 13. Be3 Re8 14. Rc1 Rc8 15. Bb1 Nf8 16. Qd3 a5 17. Nd2 g6 18. g4 c5 19. dxc5 Ne6 20. Qxb5 d4 21. Qxb7 dxe3 22. Ne4 Nxc5 23. Nxc5 Bxc5 24. Rfd1 Qh4 25. Qg2 Rxe5 26. Kh1 e2 27. Re1 Rce8 28. Bd3 Bxf2 29. Rxe2 Rxe2 30. Bxe2 Rxe2 31. Qf3 Re8 32. Qc6 Rf8 33. Qf3 Bd4 34. Rf1 Bxb2 35. Qd5 Bg7 36. Qxa5 Qxg4 37. Qb5 Qe4+ 38. Kg1 Bd4+ 39. Rf2 Bxf2+ 40. Kxf2 Rc8 41. Qa6 Rc2+ 42. Kg3 Rc3+ 43. Kf2 Qe3+ 44. Kg2 Qf3+ 45. Kg1 Rc1+ 0-1

[Event "November 21 Late 2023"]
[Site "https://www.chess.com"]
[Date "2023.11.21"]
[Round "5"]
[White "Zhurbinsky, David"]
[Black "ATM622"]
[Result "1-0"]
[Board "65"]
[TimeControl "180+1"]
[WhiteFideId "2072904"]
[WhiteElo "2625"]
[BlackElo "2460"]
[WhiteTeam "USA"]
[WhiteClock "0:00:04"]
[BlackClock "0:00:00"]

1. e4 c6 2. d4 d5 3. Nc3 dxe4 4. Nxe4 Bf5 5. Nc5 b6 6. Nb3 Nf6 7. Nf3 e6 8. Bd3 Bxd3 9. Qxd3 Be7 10. O-O O-O 11. Ne5 c5 12. Qf3 Qd5 13. dxc5 bxc5 14. c4 Qxe5 15. Qxa8 Ng4 16. g3 Qh5 17. Qg2 Ne5 18. Nd2 Rd8 19. f4 Ng4 20. Nf3 Qf5 21. h3 Nf6 22. Be3 Qd3 23. Bf2 Qxc4 24. Rac1 Qb5 25. b3 Nc6 26. Ne5 Nb4 27. Rfd1 Rc8 28. a4 Qa6 29. Kh2 h6 30. g4 Nfd5 31. Qe4 Bd6 32. Bg3 Nf6 33. Qf3 Bb8 34. Nd7 Nxd7 35. Rxd7 Nd5 36. f5 Bxg3+ 37. Kxg3 Nf6 38. fxe6 Qxe6 39. Rd3 Qe5+ 40. Kg2 Rb8 41. Rc2 Ne8 42. Re2 Qc7 43. Rde3 Nf6 44. Re7 Qb6 45. h4 Qxb3 46. g5 1-0

[Event "November 21 Late 2023"]
[Site "https://www.chess.com"]
[Date "2023.11.21"]
[Round "5"]
[White "Jimenez Ruano, Adrian"]
[Black "Banzea, Alexandru-Bogdan"]
[Result "0-1"]
[Board "66"]
[TimeControl "180+1"]
[WhiteFideId "22276050"]
[BlackFideId "1232622"]
[WhiteElo "2215"]
[BlackElo "2294"]
[WhiteTeam "ESP"]
[BlackTeam "ROU"]
[WhiteClock "0:00:00"]
[BlackClock "0:00:20"]

1. Nf3 Nf6 2. c4 g6 3. b3 Bg7 4. Bb2 O-O 5. g3 d6 6. Bg2 e5 7. O-O c6 8. d3 Re8 9. Nbd2 Nbd7 10. Qc2 a6 11. Rac1 b6 12. Rfd1 Bb7 13. b4 c5 14. a3 h6 15. Ne4 Nf8 16. Nfd2 Rb8 17. Nxf6+ Bxf6 18. Bxb7 Rxb7 19. Ne4 Bg7 20. Nc3 f5 21. Nd5 f4 22. Qa4 e4 23. Bxg7 Kxg7 24. dxe4 fxg3 25. hxg3 Rxe4 26. Qc6 Rf7 27. e3 Qg5 28. Nf4 Rxe3 29. fxe3 Qxg3+ 30. Qg2 Qxe3+ 31. Qf2 Qe5 32. Rf1 Kh7 33. Qg3 Rf5 34. Ne2 Rg5 35. Rxf8 Rxg3+ 36. Nxg3 Qe3+ 0-1

[Event "November 21 Late 2023"]
[Site "https://www.chess.com"]
[Date "2023.11.21"]
[Round "5"]
[White "Gimenez Aguirre, Alejo Ismael"]
[Black "Swicarz, Maciej"]
[Result "1-0"]
[Board "67"]
[TimeControl "180+1"]
[WhiteFideId "32041667"]
[BlackFideId "1113585"]
[WhiteElo "2165"]
[BlackElo "2127"]
[WhiteTeam "ARG"]
[BlackTeam "POL"]
[WhiteClock "0:00:14"]
[BlackClock "0:00:00"]

1. e4 c5 2. Nf3 d6 3. d4 cxd4 4. Nxd4 Nf6 5. Nc3 a6 6. Bc4 e6 7. Bb3 b5 8. Bg5 Be7 9. Qf3 Qb6 10. O-O-O O-O 11. a3 Nc6 12. Nxc6 Qxc6 13. Bxf6 Bxf6 14. Nd5 Bg5+ 15. Kb1 Bb7 16. h4 Bd8 17. Nc3 a5 18. Qg3 b4 19. Rxd6 Qc5 20. Na4 Qb5 21. h5 h6 22. Qd3 Qe5 23. f3 bxa3 24. bxa3 Bf6 25. c3 Rab8 26. Ka2 Qg5 27. g4 Be5 28. Rb6 Rbd8 29. Qb5 Rd2+ 30. Ka1 Ba8 31. Rb1 f6 32. Qxa5 Qe3 33. Bxe6+ Kh8 34. R6b2 Rxb2 35. Rxb2 Qxf3 36. Bf5 Bxe4 37. Qb4 Qf1+ 38. Ka2 Bd5+ 39. Rb3 Bxb3+ 40. Qxb3 Rd8 41. Bb1 Qe2+ 42. Ka1 Qxg4 43. Qc2 f5 44. Nc5 Rc8 45. Na4 Bf6 46. Ka2 Qxh5 47. c4 Qf7 48. Nb6 Rc6 49. Qxf5 Kg8 50. Be4 Rxb6 51. Bd5 Kf8 52. Bxf7 Kxf7 53. a4 Rb2+ 54. Ka3 Rb7 55. Qd5+ 1-0

[Event "November 21 Late 2023"]
[Site "https://www.chess.com"]
[Date "2023.11.21"]
[Round "5"]
[White "Novikova, Galina"]
[Black "Koksal, Ege"]
[Result "0-1"]
[Board "68"]
[TimeControl "180+1"]
[WhiteFideId "4157095"]
[BlackFideId "6317626"]
[WhiteElo "1972"]
[BlackElo "2230"]
[WhiteTeam "RUS"]
[BlackTeam "TUR"]
[WhiteClock "0:00:05"]
[BlackClock "0:00:40"]

1. e4 e5 2. Nf3 Nc6 3. d4 exd4 4. Nxd4 Bc5 5. Nb3 Bb6 6. Nc3 Nf6 7. Qe2 O-O 8. Be3 d6 9. O-O-O Be6 10. f3 Qe7 11. g4 Bxe3+ 12. Qxe3 a5 13. a4 Bxb3 14. cxb3 Nb4 15. Kb1 Nd7 16. h4 c6 17. h5 h6 18. f4 Nc5 19. g5 Rae8 20. gxh6 gxh6 21. Rg1+ Kh7 22. Bh3 Rg8 23. Bf5+ Kh8 24. Qd4+ f6 25. Rxg8+ Rxg8 26. Qxd6 Qxd6 27. Rxd6 Rg1+ 28. Nd1 Ncd3 29. e5 Rxd1# 0-1

[Event "November 21 Late 2023"]
[Site "https://www.chess.com"]
[Date "2023.11.21"]
[Round "5"]
[White "Statham_l3"]
[Black "Zeman, Matyas"]
[Result "1-0"]
[Board "69"]
[TimeControl "180+1"]
[BlackFideId "364398"]
[WhiteElo "2585"]
[BlackElo "2286"]
[BlackTeam "CZE"]
[WhiteClock "0:00:36"]
[BlackClock "0:00:00"]

1. e4 e5 2. Nf3 Nc6 3. Bb5 a6 4. Ba4 Nf6 5. Qe2 b5 6. Bb3 Bc5 7. a4 Rb8 8. axb5 axb5 9. Nc3 O-O 10. d3 Re8 11. Bg5 h6 12. Bh4 g5 13. Nxg5 hxg5 14. Bxg5 Nd4 15. Qd2 Nxb3 16. cxb3 Be7 17. h4 d6 18. O-O-O Be6 19. g4 b4 20. Ne2 Bxb3 21. Rdg1 Qd7 22. Bh6 Qc6+ 23. Kb1 Nh7 24. g5 Qa6 25. Nc1 Be6 26. g6 Nf6 27. gxf7+ 1-0

[Event "November 21 Late 2023"]
[Site "https://www.chess.com"]
[Date "2023.11.21"]
[Round "5"]
[White "Rakitic2010"]
[Black "GatoRojo150"]
[Result "0-1"]
[Board "70"]
[TimeControl "180+1"]
[WhiteElo "2443"]
[BlackElo "2582"]
[WhiteClock "0:00:00"]
[BlackClock "0:00:49"]

1. e4 e5 2. Nf3 Nc6 3. Bb5 a6 4. Ba4 d6 5. O-O Bd7 6. d4 Nge7 7. c3 Ng6 8. Re1 Be7 9. Nbd2 O-O 10. Nf1 Bg4 11. h3 Bxf3 12. Qxf3 b5 13. d5 bxa4 14. dxc6 Qe8 15. Be3 Qxc6 16. Ng3 Bd8 17. Nf5 Ne7 18. Qg4 Nxf5 19. exf5 Bf6 20. Rad1 d5 21. c4 d4 22. Bg5 Bxg5 23. Qxg5 f6 24. Qg4 Qxc4 25. f4 Rae8 26. fxe5 fxe5 27. f6 Rxf6 28. Rxd4 Qxd4+ 29. Qxd4 exd4 30. Rxe8+ Rf8 31. Re7 Rc8 32. Kf2 c5 33. Rd7 Rb8 34. Kf3 Rxb2 35. Ke4 Rxg2 36. Rc7 Re2+ 37. Kf3 Re3+ 38. Kf4 Rc3 39. Kf5 h6 40. a3 Kh7 41. h4 d3 42. Ke4 d2 43. Rd7 Rc4+ 44. Ke3 Rxh4 45. Rxd2 Rh3+ 46. Ke4 Rxa3 47. Rd7 Rc3 48. Ke5 a3 49. Ke6 a2 0-1

[Event "November 21 Late 2023"]
[Site "https://www.chess.com"]
[Date "2023.11.21"]
[Round "5"]
[White "Lymar, Vladislav"]
[Black "Reprintsev, Alexander"]
[Result "0-1"]
[Board "71"]
[TimeControl "180+1"]
[WhiteFideId "14162180"]
[BlackFideId "14100541"]
[WhiteElo "2234"]
[BlackElo "2229"]
[WhiteTeam "UKR"]
[BlackTeam "UKR"]
[WhiteClock "0:00:04"]
[BlackClock "0:00:23"]

1. e4 d5 2. exd5 Qxd5 3. Nc3 Qa5 4. b4 Qxb4 5. Rb1 Qd6 6. Nf3 Nf6 7. Be2 g6 8. d4 Bg7 9. Nb5 Qd8 10. Bf4 Na6 11. c4 O-O 12. O-O Bg4 13. d5 c6 14. Nc3 Nc5 15. Be3 Nce4 16. Nxe4 Nxe4 17. Qb3 Nc3 18. Rb2 Nxe2+ 19. Rxe2 Bxf3 20. gxf3 cxd5 21. cxd5 b6 22. Bg5 Bf6 23. Bxf6 exf6 24. Rd1 Qd6 25. Qa4 Rfd8 26. Kg2 Kg7 27. h4 h5 28. Rc2 Rd7 29. Qd4 Rad8 30. Rcd2 Qe5 31. Qc4 Rc7 32. Qa4 Rd6 33. Rd4 Qe2 34. Qa3 Rc2 35. R1d2 Rxd2 36. Rxd2 Qe5 37. Qd3 f5 38. Qc4 Qf6 39. Qf4 Qd8 40. Qe5+ Kg8 41. Rd4 b5 42. Kg3 a5 43. f4 b4 44. Rd3 a4 45. Qd4 Qb8 46. Qc4 Qb6 47. Re3 Rd8 48. Re7 Qd6 49. Rb7 Qxd5 50. Qxd5 Rxd5 51. Rxb4 Rd3+ 52. f3 Ra3 53. Rb2 Kg7 54. Rd2 Kf6 55. Re2 Rc3 56. Kg2 Rc1 57. Kg3 Rb1 58. Re3 Rb2 59. Ra3 Rb4 60. Re3 Rc4 61. Re2 Rc3 62. Kg2 Rd3 63. Kg3 Rd4 64. Re3 Rc4 65. Re2 Kg7 66. Re3 Kf8 67. Re2 Rc7 68. Re3 Rb7 69. Rd3 Ke7 70. Rd4 Ra7 71. Rb4 Kd6 72. Rb6+ Kc5 73. Rb8 Rd7 74. Rb1 Rd2 75. Rb7 Rxa2 76. Rxf7 Rb2 77. Rf6 Rb6 78. Rf7 Kb4 79. Ra7 a3 80. Kf2 Kb3 81. Ke3 Kb2 82. Ra6 Rxa6 0-1

[Event "November 21 Late 2023"]
[Site "https://www.chess.com"]
[Date "2023.11.21"]
[Round "5"]
[White "Janaszak, Dawid"]
[Black "Lebedev, Artem S."]
[Result "0-1"]
[Board "72"]
[TimeControl "180+1"]
[WhiteFideId "1119206"]
[BlackFideId "34272747"]
[WhiteElo "2218"]
[BlackElo "1952"]
[WhiteTeam "POL"]
[BlackTeam "RUS"]
[WhiteClock "0:00:10"]
[BlackClock "0:00:07"]

1. Nf3 Nf6 2. Rg1 d5 3. b3 c5 4. Bb2 Nc6 5. d4 cxd4 6. Nxd4 Nxd4 7. Qxd4 Bf5 8. Nc3 Rc8 9. O-O-O e6 10. g4 Bg6 11. Bg2 Bc5 12. Qa4+ Nd7 13. Kb1 O-O 14. e4 d4 15. Ne2 Qc7 16. Rd2 d3 17. cxd3 Nb6 18. Qa5 Nc4 19. Qc3 Nxd2+ 20. Ka1 e5 21. Qxd2 Qd6 22. Rd1 Bb4 23. Qe3 Rc2 24. f4 exf4 25. Nxf4 Rfc8 26. Bf1 Ba3 27. Rb1 Bxb2+ 28. Rxb2 Qa3 29. Qd4 Rxb2 30. Qxb2 Rc1+ 0-1

[Event "November 21 Late 2023"]
[Site "https://www.chess.com"]
[Date "2023.11.21"]
[Round "5"]
[White "Martins, Vinicius Tine"]
[Black "ArtemDyachuk"]
[Result "1-0"]
[Board "73"]
[TimeControl "180+1"]
[WhiteFideId "2112884"]
[WhiteElo "2373"]
[BlackElo "2574"]
[WhiteTeam "BRA"]
[WhiteClock "0:00:11"]
[BlackClock "0:00:00"]

1. d4 Nf6 2. Bf4 e6 3. Nf3 b6 4. Nbd2 Bb7 5. e3 c5 6. h3 cxd4 7. exd4 Nc6 8. c3 Be7 9. Bd3 O-O 10. O-O d6 11. Bh2 Re8 12. Nc4 Bf8 13. Re1 Rc8 14. a4 Qc7 15. Qb3 Qb8 16. a5 bxa5 17. Nfd2 g5 18. Qc2 Qa8 19. f3 h6 20. Nxa5 Nb4 21. Qb1 Nxd3 22. Qxd3 Bd5 23. c4 Bc6 24. Nxc6 Qxc6 25. Rxa7 Qb6 26. Ra2 Bg7 27. b3 Nd7 28. Kh1 Bxd4 29. Ne4 d5 30. Nd6 Bg7 31. Nxe8 Rxe8 32. cxd5 Qb4 33. Re4 Qd6 34. Ra6 Nc5 35. Rxd6 Nxd3 36. Bg1 Ra8 37. dxe6 Nf4 38. exf7+ Kxf7 39. Rd7+ Kg6 40. Rd1 Ra2 41. Rxf4 gxf4 42. Rb1 Ra5 43. b4 Rb5 44. Bc5 Kf5 45. Rd1 Bc3 46. Rd5+ Ke6 47. Rd6+ Kf5 48. Rxh6 Be1 49. h4 Bg3 50. Kg1 1-0

[Event "November 21 Late 2023"]
[Site "https://www.chess.com"]
[Date "2023.11.21"]
[Round "5"]
[White "WindWhistler11"]
[Black "Miszler, Levente"]
[Result "0-1"]
[Board "74"]
[TimeControl "180+1"]
[BlackFideId "763276"]
[WhiteElo "2565"]
[BlackElo "2186"]
[BlackTeam "HUN"]
[WhiteClock "0:00:00"]
[BlackClock "0:01:05"]

1. Nf3 d6 2. g3 e5 3. Bg2 e4 4. Nd4 f5 5. Nb3 Nf6 6. d3 g6 7. c4 Bg7 8. Nc3 O-O 9. dxe4 fxe4 10. Nxe4 Nxe4 11. Bxe4 Nc6 12. Bg2 Be6 13. c5 d5 14. O-O Qd7 15. e3 Rad8 16. Nd4 Bg4 17. Qd2 Nxd4 18. exd4 Bf3 19. Qd3 Qg4 20. h3 Qxd4 21. Qc2 Qe4 22. Qxe4 dxe4 23. Bxf3 exf3 24. Bf4 Rd5 25. Bxc7 Rf7 26. Bd6 Bxb2 27. Rae1 Bd4 28. Re8+ Kg7 29. Rc8 b6 30. Rd1 bxc5 31. Rxc5 Rxd6 32. Rc4 Bxf2+ 33. Kxf2 Rxd1 0-1

[Event "November 21 Late 2023"]
[Site "https://www.chess.com"]
[Date "2023.11.21"]
[Round "5"]
[White "szachmistrz2500"]
[Black "Tikhonov, Viacheslav"]
[Result "0-1"]
[Board "75"]
[TimeControl "180+1"]
[BlackFideId "44196407"]
[WhiteElo "2433"]
[BlackElo "2191"]
[BlackTeam "RUS"]
[WhiteClock "0:00:06"]
[BlackClock "0:00:05"]

1. Nf3 g6 2. g3 Bg7 3. d4 Nf6 4. Bg2 O-O 5. O-O d5 6. Nbd2 c6 7. Nb3 Bf5 8. Bf4 Be4 9. Nbd2 Bf5 10. a4 a5 11. Ne5 Nbd7 12. c3 Nxe5 13. Bxe5 Qb6 14. Qb3 Qxb3 15. Nxb3 b6 16. Nd2 Ne4 17. Bxg7 Kxg7 18. Nxe4 Bxe4 19. Bxe4 dxe4 20. e3 Rfb8 21. c4 Kf6 22. Rfc1 e5 23. d5 cxd5 24. cxd5 Rc8 25. b3 Ke7 26. Rc4 Kd6 27. Rac1 Rc5 28. Rd1 f5 29. g4 Rac8 30. Rdc1 Rb8 31. gxf5 gxf5 32. Kf1 Kxd5 33. Rd1+ Ke6 34. Ke2 Rxc4 35. bxc4 Rc8 36. Rb1 Rc6 37. Rb5 Kf6 38. Kd2 Ke6 39. Ke2 Kd6 40. Kd2 Rxc4 41. Rxb6+ Kc7 42. Ra6 Rxa4 43. Rh6 Ra2+ 44. Kc3 Rxf2 45. Rxh7+ Kd6 46. Kc4 Rc2+ 47. Kb5 Rb2+ 48. Kc4 Rc2+ 49. Kb3 Re2 50. Kc4 Rxe3 51. Rh6+ Ke7 52. Ra6 f4 53. Kd5 f3 54. Kxe5 Re2 55. Ra7+ Kd8 56. Rxa5 f2 0-1

[Event "November 21 Late 2023"]
[Site "https://www.chess.com"]
[Date "2023.11.21"]
[Round "5"]
[White "Marcziter, Dmitrii"]
[Black "Toropov, Pavel"]
[Result "0-1"]
[Board "76"]
[TimeControl "180+1"]
[WhiteFideId "13900765"]
[BlackFideId "24129178"]
[WhiteElo "2142"]
[BlackElo "2182"]
[WhiteTeam "GER"]
[BlackTeam "RUS"]
[WhiteClock "0:00:00"]
[BlackClock "0:01:13"]

1. e4 d5 2. exd5 Qxd5 3. Nc3 Qd6 4. d4 Nf6 5. Bc4 a6 6. a4 b6 7. Nf3 Bb7 8. Ne5 e6 9. O-O Nc6 10. Bf4 Nxe5 11. dxe5 Qc6 12. f3 Qxc4 13. exf6 Qxf4 14. Ne4 gxf6 15. g3 Qe5 16. Re1 Bxe4 17. Rxe4 Qc5+ 18. Kg2 Rd8 19. Qe2 Bg7 20. Rg4 O-O 21. Re1 f5 22. Rg5 h6 23. Rh5 Qb4 24. c3 Qxa4 25. Qe3 Qc2+ 26. Re2 Qd3 27. Qf2 a5 28. Kh3 a4 29. Re3 Qd6 30. Re2 b5 31. Qe3 Rfe8 32. Rg2 c5 33. g4 f4 34. Qe4 Qd3 35. Qb7 Rd5 36. Rf2 Rxh5+ 37. gxh5 Rd8 38. Rg2 Qf5+ 39. Kh4 Kf8 0-1

[Event "November 21 Late 2023"]
[Site "https://www.chess.com"]
[Date "2023.11.21"]
[Round "5"]
[White "VitaliyChayka"]
[Black "Ozates, Tuna"]
[Result "1-0"]
[Board "77"]
[TimeControl "180+1"]
[BlackFideId "6354521"]
[WhiteElo "2431"]
[BlackElo "2151"]
[BlackTeam "TUR"]
[WhiteClock "0:01:01"]
[BlackClock "0:00:07"]

1. d4 Nf6 2. Bf4 g6 3. e3 Bg7 4. h3 O-O 5. Nf3 d6 6. Be2 Nfd7 7. Bh2 e5 8. O-O e4 9. Nfd2 d5 10. c4 c6 11. Nc3 Nb6 12. c5 N6d7 13. b4 f5 14. b5 g5 15. Bd6 Rf6 16. f4 exf3 17. Nxf3 h6 18. Qb3 Kh8 19. Bd3 a6 20. a4 Nf8 21. bxc6 Nxc6 22. Nxd5 Be6 23. e4 fxe4 24. Bxe4 Rxf3 25. Qxf3 Nxd4 26. Qh5 Nh7 27. Qg6 Bg8 28. Ne7 Nf8 29. Qh5 Nde6 30. Rae1 Qe8 31. Qg4 Rd8 32. Nxg8 Kxg8 33. Bd5 1-0

[Event "November 21 Late 2023"]
[Site "https://www.chess.com"]
[Date "2023.11.21"]
[Round "5"]
[White "Pinheiro, Iung Alicio de O."]
[Black "Pace, Christopher"]
[Result "1-0"]
[Board "78"]
[TimeControl "180+1"]
[WhiteFideId "2104350"]
[BlackFideId "2610167"]
[WhiteElo "2283"]
[BlackElo "2429"]
[WhiteTeam "BRA"]
[BlackTeam "CAN"]
[WhiteClock "0:01:31"]
[BlackClock "0:00:44"]

1. Nf3 Nf6 2. b3 g6 3. Bb2 Bg7 4. g3 O-O 5. Bg2 d6 6. d4 Nc6 7. O-O e5 8. dxe5 Ng4 9. c4 Ngxe5 10. Nc3 Nxf3+ 11. Bxf3 Bh3 12. Re1 Qd7 13. Qd2 Rae8 14. Nd5 f5 15. Rad1 Ne5 16. Bh1 Bg4 17. Bc3 Kh8 18. Qb2 Nc6 19. c5 1-0

[Event "November 21 Late 2023"]
[Site "https://www.chess.com"]
[Date "2023.11.21"]
[Round "5"]
[White "Jovic, Stanoje"]
[Black "Arnold, Ken"]
[Result "1-0"]
[Board "79"]
[TimeControl "180+1"]
[WhiteFideId "905020"]
[BlackFideId "2056836"]
[WhiteElo "2249"]
[BlackElo "2428"]
[WhiteTeam "SRB"]
[BlackTeam "USA"]
[WhiteClock "0:00:23"]
[BlackClock "0:00:03"]

1. c4 e5 2. g3 Nc6 3. Bg2 Nf6 4. Nf3 Bc5 5. O-O O-O 6. Nxe5 Nxe5 7. d4 d6 8. dxc5 Nxc4 9. Qc2 d5 10. Bg5 c6 11. e4 h6 12. Bxf6 Qxf6 13. exd5 cxd5 14. Bxd5 Ne5 15. f4 Bh3 16. Re1 Ng4 17. Qc3 Qf5 18. Bxb7 Rad8 19. Be4 Qh5 20. Qc2 Ne3 21. Qf2 Nd1 22. Bf3 Bg4 23. Bxg4 Qxg4 24. Qe2 Qxe2 25. Rxe2 Rd3 26. Na3 Nxb2 27. Rxb2 Rxa3 28. Rc1 Rc8 29. c6 Re3 30. c7 Ree8 31. Rb7 Ra8 32. Kf2 Kf8 33. a4 Rec8 34. Re1 a5 35. Re5 f6 36. Re6 Kf7 37. f5 Re8 38. c8=Q+ Kg8 39. Rxe8+ 1-0

[Event "November 21 Late 2023"]
[Site "https://www.chess.com"]
[Date "2023.11.21"]
[Round "5"]
[White "Su, Dion"]
[Black "Vafin, Ayrat"]
[Result "0-1"]
[Board "80"]
[TimeControl "180+1"]
[WhiteFideId "2029731"]
[BlackFideId "4146530"]
[WhiteElo "2405"]
[BlackElo "2317"]
[WhiteTeam "USA"]
[BlackTeam "RUS"]
[WhiteClock "0:00:09"]
[BlackClock "0:00:16"]

1. e4 e5 2. Nf3 Nf6 3. Nxe5 d6 4. Nf3 Nxe4 5. d4 d5 6. Bd3 Be7 7. h3 Nc6 8. O-O Bf5 9. c3 O-O 10. Re1 Bf6 11. Na3 Re8 12. Nc2 Bg6 13. Bf4 Qd7 14. Ne3 h5 15. Rc1 Rad8 16. a4 a6 17. b4 Ne7 18. Ne5 Bxe5 19. Bxe5 c6 20. Bh2 h4 21. Ng4 f6 22. c4 Nf5 23. Bb1 Ned6 24. cxd5 Rxe1+ 25. Qxe1 Re8 26. Qd2 cxd5 27. Ne3 Ne4 28. Qa2 Nxe3 29. fxe3 Kh7 30. Bf4 Rc8 31. Rxc8 Qxc8 32. Kh2 Qc6 33. Qb2 b5 34. a5 Qc4 35. Ba2 Qc6 36. Qb3 Nc3 37. Qb2 Be4 38. Qf2 g5 39. Bb8 Qe6 40. Bb3 Na4 41. Bxa4 bxa4 42. Qd2 a3 43. Qc3 a2 44. Qc1 Bb1 45. Qc7+ Kg6 46. Qd8 0-1

[Event "November 21 Late 2023"]
[Site "https://www.chess.com"]
[Date "2023.11.21"]
[Round "5"]
[White "Pinto, Daniel"]
[Black "UK_23"]
[Result "1-0"]
[Board "81"]
[TimeControl "180+1"]
[WhiteFideId "3303144"]
[WhiteElo "2149"]
[BlackElo "2426"]
[WhiteTeam "BOL"]
[WhiteClock "0:00:01"]
[BlackClock "0:00:00"]

1. Nf3 d5 2. g3 Nf6 3. Bg2 e6 4. O-O Be7 5. b3 O-O 6. Bb2 a5 7. a3 a4 8. b4 b5 9. d3 Bb7 10. Nc3 c6 11. e3 Re8 12. Ne2 Nbd7 13. Rc1 c5 14. bxc5 Bxc5 15. Qd2 Qe7 16. Ra1 Rec8 17. Rfb1 h6 18. Nfd4 Ba6 19. Nc3 Bxd4 20. exd4 Nf8 21. Na2 Qc7 22. Nb4 Bb7 23. Rf1 Ng6 24. f4 Ne7 25. Rac1 h5 26. Bh3 g6 27. Qe2 Nf5 28. Qe5 Ng4 29. Qe2 Qb6 30. Bxg4 hxg4 31. Qxg4 Nxd4 32. Kh1 Nf5 33. Bf6 d4+ 34. Rf3 Ne3 35. Qg5 Bxf3+ 36. Kg1 Qc5 37. Be5 Qf8 38. Qf6 Qh6 39. Bxd4 Nf5 40. Be5 1-0

[Event "November 21 Late 2023"]
[Site "https://www.chess.com"]
[Date "2023.11.21"]
[Round "5"]
[White "Sanchez Alvares, Kelvin Antonio"]
[Black "Kujawski, Adam"]
[Result "1-0"]
[Board "82"]
[TimeControl "180+1"]
[WhiteFideId "3906680"]
[BlackFideId "1100920"]
[WhiteElo "2217"]
[BlackElo "2054"]
[WhiteTeam "VEN"]
[BlackTeam "POL"]
[WhiteClock "0:01:11"]
[BlackClock "0:00:00"]

1. e4 e5 2. Nf3 Nc6 3. Bb5 a6 4. Ba4 Nf6 5. O-O Be7 6. Re1 b5 7. Bb3 d6 8. h3 Na5 9. d3 Nxb3 10. axb3 O-O 11. Bg5 Nd7 12. Be3 c6 13. Nbd2 f5 14. exf5 Rxf5 15. d4 Bb7 16. c4 Qf8 17. Qc2 Rc8 18. Rad1 d5 19. dxe5 Nxe5 20. Nd4 Rh5 21. f4 Ng6 22. f5 Ne5 23. Bf4 Bd6 24. Bxe5 Bxe5 25. Rxe5 dxc4 26. Ne6 Qd6 27. Nf3 1-0

[Event "November 21 Late 2023"]
[Site "https://www.chess.com"]
[Date "2023.11.21"]
[Round "5"]
[White "Nita, Lucian"]
[Black "Elgersma, Onno"]
[Result "0-1"]
[Board "83"]
[TimeControl "180+1"]
[WhiteFideId "1206923"]
[BlackFideId "1053531"]
[WhiteElo "2066"]
[BlackElo "2251"]
[WhiteTeam "ROU"]
[BlackTeam "NED"]
[WhiteClock "0:00:57"]
[BlackClock "0:01:50"]

1. e4 g6 2. Nf3 Bg7 3. d4 d6 4. Be3 Nc6 5. c3 Nf6 6. Bd3 O-O 7. h3 e5 8. d5 Ne7 9. Nbd2 Nd7 10. Qc2 h6 11. g4 c6 12. c4 f5 13. gxf5 gxf5 14. Nb3 f4 15. Bd2 cxd5 16. cxd5 a5 17. a4 b6 18. Rc1 Nc5 19. Nxc5 bxc5 20. Ke2 Kh8 21. Rcg1 Bf6 22. Qc3 Bd7 23. b3 Qb6 24. Bc4 Qb4 25. Qb2 Qb6 26. Ne1 Bxa4 27. Nd3 Bb5 28. Qa1 a4 29. Bxb5 Qxb5 30. bxa4 Rxa4 31. Qc3 Rxe4+ 32. Kf3 Nxd5 33. Qa3 Rd4 34. Nxf4 exf4 35. Qc1 Qd3+ 36. Kg2 0-1